 Dungeon Crawl Stone Soup version 0.26.0-16-gc1dbca0489 (webtiles) character file.

Game seed: 6915940001332452791

641 thiole the Sneak (level 7, -3/45 HPs)
             Began as an Octopode Hedge Wizard on Jan 20, 2021.
             Slain by an ice beast (13 damage)
             ... on level 8 of the Dungeon.
             The game lasted 00:10:50 (5756 turns).

thiole the Sneak (Octopode Hedge Wizard)            Turns: 5756, Time: 00:10:50

Health: -3/45      AC:  1    Str:  9    XL:     7   Next: 51%
Magic:  6/14       EV: 13    Int: 18    God:
Gold:   150        SH:  0    Dex: 12    Spells: 9/15 levels left

rFire    . . .     SeeInvis +   n - +1 short sword (speed)
rCold    . . .     Faith    .   (no shield)
rNeg     . . .     Spirit   .   b - +0 hat
rPois    .         Reflect  .   (no amulet)
rElec    .         Harm     .   v - ring of resist corrosion
rCorr    +         Rampage  .   g - ring of willpower
Will     +....                  s - ring of flight
Stlth    ++++......             z - ring of see invisible
HPRegen  0.15/turn              (no ring)
MPRegen  0.14/turn              (no ring)
                                (no ring)
                                (no ring)

@: no status effects
A: almost no armour, stealthy swim, amphibious, 8 rings, constrict 8, camouflage
1, gelatinous body 1
a: Evoke Flight


You were on level 8 of the Dungeon.
You visited 1 branch of the dungeon, and saw 6 of its levels.

You collected 150 gold pieces.

Inventory:

Hand Weapons
 a - a +0 dagger
 n - a +1 short sword of speed (weapon)
Missiles
 o - 83 stones
Armour
 b - a +0 hat (worn)
Jewellery
 g - a ring of willpower (right tentacle)
 s - a ring of flight (on tentacle)
 v - a ring of resist corrosion (left tentacle)
 z - a ring of see invisible (on tentacle)
Wands
 w - a wand of random effects (11)
 x - a wand of acid (4)
 C - a wand of paralysis (11)
Scrolls
 c - 2 scrolls of blinking {unknown}
 d - 3 scrolls of identify
 h - 2 scrolls of immolation {unknown}
 i - 5 scrolls of teleportation {unknown}
 m - a scroll of enchant armour {unknown}
 p - 2 scrolls of fear {unknown}
 r - a scroll of remove curse {unknown}
 u - a scroll of noise {unknown}
 y - a scroll of random uselessness {unknown}
Potions
 e - 3 potions of haste {unknown}
 f - a potion of cancellation {unknown}
 j - a potion of lignification {unknown}
 k - a potion of resistance {unknown}
 l - a potion of berserk rage {unknown}
 q - 2 potions of mutation {unknown}
 t - a potion of flight {unknown}
 A - a potion of attraction {unknown}
 B - a potion of curing {unknown}
 D - 2 potions of brilliance {unknown}


   Skills:
 + Level 2.0 Fighting
 - Level 2.0 Dodging
 + Level 6.4 Stealth
 + Level 4.8 Spellcasting
 - Level 2.0 Conjurations
 - Level 2.0 Summonings
 - Level 1.0 Translocations
 * Level 3.0 Air Magic
 - Level 2.0 Poison Magic


You had 9 spell levels left.
You knew the following spells:

 Your Spells              Type           Power        Failure   Level
a - Magic Dart            Conj           44%          6%          1
b - Call Imp              Summ           11%          9%          2
c - Mephitic Cloud        Conj/Pois/Air  12%          16%         3

Your spell library contained the following spells:

 Spells                   Type           Power        Failure   Level
 Blink                    Tloc           N/A          13%         2
 Slow                     Hex            4%           21%         2
 Conjure Flame            Conj/Fire      7%           26%         3


Dungeon Overview and Level Annotations

Branches:
Dungeon (5/15)             Temple (0/1) D:4

Altars:
Cheibriados
Okawaru
Vehumet
Wu Jian
Zin

Shops:
D:5 [


Innate Abilities, Weirdness & Mutations

You cannot wear most types of armour.
You are very stealthy in the water. (Stealth+)
You are amphibious.
You can wear up to eight rings at the same time.
You can use your tentacles to constrict eight enemies at once.
Your skin changes colour to match your surroundings (Stealth+).
Your rubbery body absorbs attacks. (AC +1, EV +1)


Message History

Your crimson imp blinks!
The ice beast closely misses you.
You hit the ice beast.
The ice beast is moderately wounded.
Your white imp closely misses the ice beast.
You closely miss the ice beast.
The ice beast is moderately wounded.
Your white imp disappears in a puff of smoke!
The ice beast hits you. The ice beast freezes you!
Your crimson imp closely misses the ice beast.
You hit the ice beast.
The ice beast is heavily wounded.
The ice beast barely misses you.
Your crimson imp hits the ice beast but does no damage.
You hit the ice beast but do no damage.
The ice beast is heavily wounded.
The ice beast hits you.
* * * LOW HITPOINT WARNING * * *
The ice beast freezes you!
You die...

#####
#.....####
######
+...55Y@.#
#....#
#....5##.#
#....#
..... #.#
#.(..##
.### #.#
#......
#.# #.###
#.# #.#..
#.#
#.###.#.#
#.#
#.....).)
#.#
#####.#))


You could see an ice beast and 3 friendly crimson imps.

Vanquished Creatures
  A bullfrog (D:8)
  A water moccasin skeleton (D:4)
  A bullfrog zombie (D:8)
  A centaur skeleton (D:4)
  3 orc priests (D:8)
  An orc wizard (D:8)
  2 worker ants
  9 adders
  A gnoll (D:3)
  2 oozes
  5 worms
  A dart slug (D:1)
  6 leopard geckos
  11 orcs
  3 giant cockroaches
  10 goblins
  7 hobgoblins
  5 jackals
  9 kobolds
  5 quokkas
  A ball python (D:2)
  9 bats
  5 frilled lizards
  A quokka skeleton (D:3)
  8 rats
108 creatures vanquished.

Vanquished Creatures (collateral kills)
  An ogre (D:4)
  A scorpion (D:8)
  An orc (D:4)
3 creatures vanquished.

Vanquished Creatures (others)
  2 plants (D:2)
2 creatures vanquished.

Grand Total: 113 creatures vanquished

Notes
Turn   | Place    | Note
-------+----------+-------------------------------------------
     0 | D:1      | thiole the Octopode Hedge Wizard began the quest for the
                  | Orb.
     0 | D:1      | Reached XP level 1. HP: 11/11 MP: 4/4
   208 | D:1      | Reached XP level 2. HP: 17/17 MP: 1/6
   298 | D:1      | Reached skill level 3 in Stealth
   409 | D:1      | Reached XP level 3. HP: 21/21 MP: 2/7
   520 | D:1      | You fall into a shaft and drop 1 floor!
  1165 | D:2      | Reached XP level 4. HP: 27/27 MP: 3/9
  1388 | D:2      | Reached skill level 4 in Stealth
  2238 | D:2      | Reached XP level 5. HP: 31/31 MP: 4/10
  2930 | D:3      | Reached skill level 5 in Stealth
  3080 | D:3      | Found a radiant altar of Vehumet.
  3425 | D:3      | Found an iron altar of Okawaru.
  3700 | D:3      | Found an ornate altar of the Wu Jian Council.
  3700 | D:3      | Found a snail-covered altar of Cheibriados.
  3700 | D:3      | Found a glowing silver altar of Zin.
  3858 | D:4      | Learned a level 2 spell: Call Imp
  3862 | D:4      | Learned a level 3 spell: Mephitic Cloud
  3901 | D:4      | Reached XP level 6. HP: 26/36 MP: 6/12
  4323 | D:4      | Reached skill level 1 in Air Magic
  4323 | D:4      | Reached skill level 1 in Poison Magic
  4668 | D:4      | Reached skill level 1 in Fighting
  4726 | D:4      | Found a staircase to the Ecumenical Temple.
  5147 | D:5      | Entered Level 5 of the Dungeon
  5149 | D:5      | Found Fuorha's Antique Armour Shoppe.
  5149 | D:5      | You fall into a shaft and drop 3 floors!
  5152 | D:8      | Reached XP level 7. HP: 35/43 MP: 13/13
  5153 | D:8      | Reached skill level 6 in Stealth
  5396 | D:8      | Noticed a wyvern
  5756 | D:8      | Slain by an ice beast

Illustrated notes

Levels and vault maps discovered:
D:1:      lemuel_arrival_broad_hall, layout_rooms
D:2:      layout_loops_ring, serial_forest, infiniplex_forest_lined_3_way,
          infiniplex_forest_fountain, infiniplex_forest_clump_cross,
          infiniplex_forest_clump_medium, infiniplex_forest_end_2,
          infiniplex_forest_corner_1, infiniplex_forest_clump_small,
          infiniplex_forest_straight_2
D:3:      layout_basic, marbit_many_paths, gammafunk_temple_overflow_forgotten,
          old_standard_altar
D:4:      layout_loops_cross, minmay_temple_entry_purple_smoke
D:5:      kennysheep_big_flooded_room, layout_rooms,
          ebering_ghost_disaster_area, serial_shops, kennysheep_little_box,
          minmay_manual_mares
D:8:      layout_basic, kennysheep_mini_moat,
          nicolae_ossuary_entry_false_entrances, serial_shops, shop

Skill      XL: |  1  2  3  4  5  6  7 |
---------------+----------------------+-----
Stealth        | 3 4 5 6 |  6.4
Summonings     | 2 |  2.0
Conjurations   | 2 |  2.0
Spellcasting   | 4 |  4.8
Air Magic      | 2 3 |  3.0
Poison Magic   | 2 |  2.0
Fighting       | 1 2 |  2.0
Dodging        | |  2.0
Translocations | |  1.0

Action                   |  1- 3 |  4- 6 |  7- 9 || total
-------------------------+-------+-------+-------++-------
Melee: Dagger            |    38 |    91 |       ||   129
       Constrict         |    12 |    27 |     4 ||    43
       Tentacles         |     6 |    21 |     2 ||    29
       Short sword       |       |    14 |    29 ||    43
 Cast: Magic Dart        |    57 |   145 |     8 ||   210
       Call Imp          |       |     6 |    10 ||    16
Evoke: Wand              |       |     2 |     1 ||     3
  Use: Scroll            |       |     2 |       ||     2
 Stab: Sleeping          |     1 |     2 |       ||     3
Armor: Skin              |     2 |     6 |       ||     8
Dodge: Dodged            |    26 |    61 |    14 ||   101
